 Dungeon Sprint DCSS version 0.27.1-33-g824d729ab1 (webtiles) character file.

Game seed: 10324331404774336165

255 Adenis the Unseen (level 5, 0/41 HPs)
             Began as a Vampire Brigand on Dec 6, 2021.
             Splashed by a jelly's acid (2 damage)
             ... in the Dungeon (Sprint I: "Red Sonja").
             The game lasted 00:00:26 (348 turns).

Adenis the Unseen (Vampire Brigand)                  Turns: 348, Time: 00:00:27

Health: 0/41       AC: -9    Str: 10    XL:     5   Next: 91%
Magic:  5/5        EV: 12    Int: 13    God:
Gold:   162        SH:  0    Dex: 17    Spells: 4/4 levels left

rFire    . . .     SeeInvis +   a - +2 dagger
rCold    . . .     Faith    .   (no shield)
rNeg     . . .     Spirit   .   b - +0 robe
rPois    .         Reflect  .   (no helmet)
rElec    .         Harm     .   c - +0 cloak
rCorr    .         Rampage  .   (no gloves)
Will     .....     NoTele   +   (no boots)
Stlth    ++++++....             (no amulet)
HPRegen  0.33/turn              (no ring)
MPRegen  0.09/turn              (no ring)

@: corroded, healing quickly
A: alive, fangs 3, see invisible, vampiric 2
a: Exsanguinate


You were in the Dungeon.
You visited 1 branch You collected 162 gold pieces.

Inventory:

Hand Weapons
 a - a +2 dagger (weapon)
Missiles
 d - 8 poisoned darts (quivered)
 e - 2 curare-tipped darts
Armour
 b - a +0 robe (worn)
 c - a +0 cloak (worn)
Wands
 l - a wand of digging (7)
Scrolls
 k - a scroll of blinking
Potions
 f - a potion of curing
 g - a potion of heal wounds
 h - a potion of haste
 i - 2 potions of magic
 j - a potion of berserk rage


   Skills:
 + Level 3.6 Fighting
 + Level 4.3 Short Blades
 + Level 3.2 Throwing
 + Level 2.2 Dodging
 + Level 16.0 Stealth


You had 4 spell levels left.
You didn't know any spells.
Your spell library was empty.

Dungeon Overview and Level Annotations

Branches:
Dungeon (1/1)

Altars:
Sif Muna
Vehumet
Wu Jian


Innate Abilities, Weirdness & Mutations

Your natural rate of healing is accelerated.
You have razor-sharp teeth.
You have supernaturally acute eyesight. (SInv)
You are afflicted with vampirism and can become a bat while bloodless.


Message History

You open the door.
Found 108 gold pieces.
There is an open door here.
You now have 81 gold pieces (gained 27).
You now have 108 gold pieces (gained 27).
You now have 135 gold pieces (gained 27).
You now have 162 gold pieces (gained 27).
You open the door.
Found 18 gold pieces and a scroll labelled WAILUO GEWK.
Found two altars.
A jelly comes into view.
There is an open door here.
Found a radiant altar of Vehumet.
The jelly quivers.
You see here 18 gold pieces.
You see here a scroll labelled WAILUO GEWK.
You hit the jelly.
Your hands burn!
You bite the jelly.
The jelly is moderately wounded.
The jelly barely misses you.
You hit the jelly. The acid corrodes you!
Your hands burn!
The jelly is heavily wounded.
The jelly misses you.
You hit the jelly but do no damage. The acid corrodes you!
Your hands burn!
The jelly is heavily wounded.
You hit the jelly but do no damage.
Your hands burn!
The jelly is heavily wounded.
The jelly misses you.
You hit the jelly but do no damage.
Your hands burn!
The jelly is heavily wounded.
The jelly hits you.
You are splashed with acid!
You hit the jelly.
Your hands burn!
The jelly is heavily wounded.
The jelly hits you. The acid corrodes you!
You are splashed with acid!
* * * LOW HITPOINT WARNING * * *
You hit the jelly but do no damage.
Your hands burn!
* * * LOW HITPOINT WARNING * * *
The jelly is heavily wounded.
Unknown command.
You hit the jelly.
Your hands burn!
You die...

################
#<.#.)'..#.)'..#
#..'..#.)'..#..+
#..#####'#####'#
#..# #..# #$#
#..# #### #@#
#..# #_J+ #⌠⌠#
..._# ####
#_.#+# ##+


You could see a jelly.

Vanquished Creatures
  Sigmund (D)
  An ogre (D)
  Ijyb (D)
3 creatures vanquished.

Notes
Turn   | Place    | Note
-------+----------+-------------------------------------------
     0 | D        | Adenis the Vampire Brigand began the quest for the Orb.
     0 | D        | Reached XP level 1. HP: 16/16 MP: 1/1
     2 | D        | Noticed Ijyb
     6 | D        | Killed Ijyb
     7 | D        | Reached skill level 9 in Stealth
     7 | D        | Reached XP level 2. HP: 22/22 MP: 2/2
     9 | D        | Noticed an ogre
    13 | D        | Killed an ogre
    14 | D        | Reached skill level 12 in Stealth
    14 | D        | Gained mutation: You are afflicted with vampirism and can
                  | become a bat while bloodless. [Vampire growth]
    14 | D        | Reached XP level 3. HP: 28/28 MP: 3/3
    14 | D        | Reached XP level 4. HP: 34/34 MP: 4/4
    24 | D        | Noticed Sigmund
    48 | D        | HP: 1/34 [Sigmund (7)]
    49 | D        | Killed Sigmund
    50 | D        | Reached skill level 16 in Stealth
    50 | D        | Reached XP level 5. HP: 2/41 MP: 5/5
   337 | D        | Found an ornate altar of the Wu Jian Council.
   337 | D        | Found a shimmering blue altar of Sif Muna.
   339 | D        | Found a radiant altar of Vehumet.
   347 | D        | HP: 1/41 [acid (3)]
   348 | D        | Splashed by a jelly's acid

Illustrated notes

Levels and vault maps discovered:
D:        dungeon_sprint_1 [red_sonja_temple_1, red_sonja_temple_small_1]

Skill      XL: |  1  2  3  4 |
---------------+-------------+-----
Fighting       | 2 3 |  3.6
Throwing       | 2 3 |  3.2
Stealth        | 9 12 16 | 16.0
Short Blades   | 3 4 |  4.3
Dodging        | 2 |  2.2

Action                   |  1- 3 |  4- 6 || total
-------------------------+-------+-------++-------
Melee: Dagger            |     2 |    31 ||    33
       Bite              |       |     6 ||     6
 Stab: Sleeping          |     2 |       ||     2
Dodge: Dodged            |       |    11 ||    11
